AoeStats
← Pumpkin_Head

Glade

510870712Analyzed
1v1 RM · 13h ago on Oct 2, 2026· 40m 19s· 2 players
Game mode
Random Map
Map size
Tiny (2 player)
Population
200
Speed
Normal
Resources
Standard
Victory
Conquest
Starting age
Dark Age
Ending age
Imperial Age
RankedLock teamsTeams togetherTeam positionsShared explorationLock speedFull tech treeHidden civsTurbo modeCheats
Victory
Defeat
🇲🇽 Vietnamese · Mexico
1133
+17
🇵🇱 Teutons · Poland
1145
-17
martinbezanilla13
6:46 Loom
9:58 Feudal Age
10:37 Double-Bit Axe
10:18 Man-at-Arms
12:00 Arson
12:54 Horse Collar
16:22 Fletching
21:39 Castle Age
20:12 Gold Mining
21:43 Crossbowman
22:20 Bodkin Arrow
24:01 Bow Saw
25:08 Pikeman
28:21 Wheelbarrow
27:37 Town Watch
28:10 Thumb Ring
34:04 Imperial Age
34:20 Ballistics
33:43 Treadmill Crane
35:56 Chemistry
35:03 Siege Engineers
35:34 Hand Cart
35:05 Arbalester
36:37 Bracer
37:14 Light Cavalry
38:04 Bloodlines
38:48 Husbandry
38:58 Scale Barding Armor
39:03 Forging
41:06 Chain Barding Armor
Pumpkin_Head
11:29 Feudal Age
13:35 Loom
19:54 Castle Age
18:04 Scale Mail Armor
18:15 Forging
19:18 Double-Bit Axe
19:18 Horse Collar
22:04 Scale Barding Armor
25:39 Bow Saw
26:21 Heavy Plow
31:35 Chain Mail Armor
31:45 Gold Mining
34:04 Iron Casting
36:03 Wheelbarrow
35:14 Town Watch
42:02 Imperial Age
Connection lost

Rejoining the realm…

Still unreachable

The connection could not be restored.

Session expired

The server has moved on; the page needs a fresh start.